 Dungeon Crawl Stone Soup version 0.30.0-5-g1a98f26d00 (webtiles) character file.

Game seed: 14686657684575283802

7969 Kenran the Cleaver (level 11, -1/67 HPs)
             Began as a Gargoyle Monk on May 12, 2023.
             Was a Priest of the Shining One.
             Killed from afar by a gargoyle (24 damage)
             ... with a stone arrow
             ... on level 10 of the Dungeon.
             The game lasted 00:20:57 (10638 turns).

Kenran the Cleaver (Gargoyle Monk)                 Turns: 10638, Time: 00:20:57

Health: -1/67      AC: 23    Str: 20    XL:     11   Next: 23%
Magic:  0/11       EV:  6    Int: 10    God:    the Shining One [***...]
Gold:   525        SH:  4    Dex: 12    Spells: 10/10 levels left

rFire   . . .        w - +0 broad axe
rCold   . . .        H - +0 buckler
rNeg    + + +        J - +1 plate armour {rN+}
rPois   ∞            (no helmet)
rElec   +            D - +0 cloak {rPois}
rCorr   .            (no gloves)
SInv    .            l - +0 pair of boots
Will    .....        G - amulet of guardian spirit Stlth
                     (no ring)
HPRegen 0.31/turn    (no ring)
MPRegen 0.12/turn

%: guardian spirit
@: glowing
A: sickness immunity, AC +8, negative energy resistance 1, electricity
resistance, torment resistance 1, petrification resistance
a: Renounce Religion, Divine Shield, Cleansing Flame


You were on level 10 of the Dungeon.
You worshipped the Shining One.
The Shining One was most pleased with you.
You visited 2 branches of the dungeon, and saw 11 of its levels.

You collected 575 gold pieces.
You spent 50 gold pieces at shops.


Innate Abilities, Weirdness & Mutations

You are immune to sickness and miasma.
Your stone body is resilient. (AC +8)
You are immune to poison.
You resist negative energy. (rN+)
You are resistant to electric shocks. (rElec)
You are resistant to unholy torment.
You are immune to petrification.


   Skills:
 - Level 7.0 Fighting
 + Level 12.8 Axes
 - Level 5.0 Armour
 - Level 2.4 Dodging
 - Level 2.0 Shields
 - Level 6.7 Unarmed Combat


You had 10 spell levels left.
You didn't know any spells.
Your spell library contained the following spells:

 Spells                   Type           Power      Damage    Failure   Level
 Summon Small Mammal      Summ           0%         N/A       100%        1
 Ensorcelled Hibernation  Hex/Ice        0%         N/A       100%        2
 Passwall                 Tmut/Erth      0%         N/A       100%        2
 Static Discharge         Conj/Air       0%         2-2/arc   100%        2
 Call Canine Familiar     Summ           0%         N/A       100%        3
 Summon Guardian Golem    Hex/Summ       0%         N/A       100%        3
 Swiftness                Air            0%         N/A       100%        3
 Vhi's Electric Charge    Tloc/Air       0%         N/A       100%        3
 Airstrike                Air            0%         2d(0-16)  100%        4
 Summon Lightning Spire   Summ/Air       0%         N/A       100%        4
 Arcjolt                  Conj/Air       0%         1d10      100%        5
 Iskenderun's Battlesphe  Conj           0%         2d6       100%        5
 Iron Shot                Conj/Erth      0%         9d1       100%        6
 Plasma Beam              Fire/Air       0%         2x1d11    100%        6
 Spellforged Servitor     Conj/Summ      0%         N/A       100%        7
 Maxwell's Capacitive Co  Air            0%         ∞         100%        8

Inventory:

Hand Weapons
 w - a +0 broad axe (weapon)
   (You found it on level 3 of the Dungeon)
 N - a +1 whip of freezing
   (You took it off Pikel on level 5 of the Dungeon)
Missiles
 c - 3 curare-tipped darts {=f}
 y - 24 poisoned darts (quivered)
Armour
 l - a +0 pair of boots (worn)
   (You found it on level 3 of the Dungeon)
 D - a +0 cloak of poison resistance (worn)
   (You took it off Crazy Yiuf on level 2 of the Dungeon)
 H - a +0 buckler (worn)
   (You found it on level 3 of the Dungeon)
 J - a +1 plate armour of positive energy (worn)
   (You took it off an orc warrior on level 8 of the Dungeon)
Jewellery
 G - an amulet of guardian spirit (around neck)
   (You found it on level 1 of the Dungeon)
 I - an amulet of reflection
   (You found it on level 7 of the Dungeon)
Wands
 F - a wand of flame (2)
   (You took it off Ijyb on level 5 of the Dungeon)
 K - a wand of iceblast (3)
   (You took it off a gnoll on level 8 of the Dungeon)
 L - a wand of digging (5)
   (You found it on level 9 of the Dungeon)
 M - a wand of charming (10)
   (You found it on level 9 of the Dungeon)
Scrolls
 e - a scroll of acquirement
 g - a scroll of torment {!r}
 i - 2 scrolls of silence {!r}
 j - 3 scrolls of fog
 m - a scroll of magic mapping {unknown}
 o - 5 scrolls of teleportation {@r4}
 q - a scroll of enchant weapon
 r - 3 scrolls of fear
 t - a scroll of noise {unknown}
 v - 3 scrolls of enchant armour
 x - 2 scrolls of blinking {!r}
 C - a scroll of amnesia
 E - 3 scrolls of poison
 O - a scroll of immolation {unknown}
Potions
 a - a potion of resistance {unknown}
 b - a potion of ambrosia
 d - 4 potions of curing {@q1}
 f - 2 potions of brilliance {unknown}
 h - 2 potions of might {unknown}
 k - a potion of mutation {unknown}
 n - 5 potions of haste {@q3}
 p - a potion of magic {unknown}
 s - a potion of cancellation {unknown}
 u - a potion of flight {unknown}
 z - 3 potions of degeneration {unknown}
 A - 3 potions of heal wounds {@q2}
 B - 3 potions of attraction {!q}

Dungeon Overview and Level Annotations

Branches:
Dungeon (10/15) Zot: 26611  Temple (1/1) D:6 Zot: 5913    Lair (0/5) D:9
    Orc: D:9-12

Altars:
Ashenzari
Cheibriados
Dithmenos
Elyvilon
Fedhas
Gozag
Hepliaklqana
Kikubaaqudgha
Makhleb
Nemelex Xobeh
Okawaru
Qazlal
Ru
Sif Muna
Trog
Uskayaw
Vehumet
Wu Jian
Xom
Yredelemnul
Zin
The Shining One

Shops:
D:6 *

Annotations:
D:3 exclusion: downstairs
Temple 2 transporters

#.##. #.##.
########.##.
.....)......
########.### #.# #.#
####################.#
......9@.............#
####################.#
###


You could see a gargoyle.


Message History

😕 HP[-6] MP[-1]
You take 6 damage, and now have 54/67 hp.
You lost 1 mp, and now have 9/11 mp.
You barely miss the troll. The troll bites you but does no damage.
The troll claws you but does no damage. The troll claws you! 😮 HP[-7] MP[-1]
You take 7 damage, and now have 47/67 hp.
You lost 1 mp, and now have 8/11 mp.
You are too injured to fight recklessly!
You are too injured to fight recklessly!
You slash the troll!
You kill the troll! 😮 HP[+1]
You start resting. 😕 HP[+6] MP[+3]
You regained 6 hp, and now have 54/67 hp.
Your mp is fully restored (11).
You start resting. 😎 HP[+13]
Your hp is fully restored (67).
O - a scroll labelled PITTA ROSO You open the door.
There is an open door here.
You open the door.
There is an open door here.
M - a wand of charming (10) (gained 6 charges)
A gargoyle comes into view. It is wielding a +0 dire flail.
The gargoyle hurls a stone arrow at you.
The stone arrow misses you.
You hit the gargoyle. The gargoyle barely misses you.
You hit the gargoyle but do no damage.
The gargoyle hits you with a +0 dire flail. 😕 HP[-3] MP[-1]
You take 3 damage, and now have 64/67 hp.
You lost 1 mp, and now have 10/11 mp.
You hit the gargoyle but do no damage.
The gargoyle hurls a stone arrow at you.
The stone arrow hits you! 😕 HP[-10] MP[-1]
You take 10 damage, and now have 54/67 hp.
You lost 1 mp, and now have 9/11 mp.
You barely miss the gargoyle. 😕 HP[+1]
You hit the gargoyle.
The gargoyle hurls a stone arrow at you.
The stone arrow misses you.
You hit the gargoyle but do no damage.
The gargoyle hurls a stone arrow at you.
The stone arrow hits you!!
The gargoyle hits you with a +0 dire flail!
* * * LOW HITPOINT WARNING * * *
😨 HP[-26] MP[-5]
You take 26 damage, and now have 29/67 hp.
MASSIVE DAMAGE!! (PAUSE)
You lost 5 mp, and now have 4/11 mp.
You hit the gargoyle but do no damage.
The gargoyle hits you with a +0 dire flail!
* * * LOW HITPOINT WARNING * * *
😨 HP[-8] MP[-1]
You take 8 damage, and now have 21/67 hp.
You lost 1 mp, and now have 3/11 mp.
You hit the gargoyle but do no damage.
The gargoyle hurls a stone arrow at you.
The stone arrow hits you but does no damage.
You hit the gargoyle but do no damage. You hit the gargoyle but do no damage.
The gargoyle hits you with a +0 dire flail.
* * * LOW HITPOINT WARNING * * *
😨 HP[-2] MP[-1]
You take 2 damage, and now have 19/67 hp.
You lost 1 mp, and now have 2/11 mp.
You hit the gargoyle but do no damage.
The gargoyle hurls a stone arrow at you.
You block the stone arrow. 😨 MP[+1]
You feel much better.
The gargoyle hits you but does no damage. 😮 HP[+25]
You regained 25 hp, and now have 44/67 hp.
You slash the gargoyle!
The gargoyle hits you with a +0 dire flail. 😮 HP[-4]
You take 4 damage, and now have 40/67 hp.
You hit the gargoyle but do no damage.
The gargoyle hits you but does no damage.
The gargoyle hits you with a +0 dire flail!!
* * * LOW HITPOINT WARNING * * *
😨 HP[-18] MP[-1]
You take 18 damage, and now have 22/67 hp.
MASSIVE DAMAGE!! (PAUSE)
You lost 1 mp, and now have 2/11 mp.
You hit the gargoyle but do no damage. You block the gargoyle's attack.
You hit the gargoyle but do no damage.
The gargoyle completely misses you. 😨 HP[+1]
You slash the gargoyle!
The gargoyle hits you but does no damage.
You hit the gargoyle.
The gargoyle hurls a stone arrow at you.
The stone arrow hits you!!
You die...

Skill      XL: |  1  2  3  4  5  6  7  8  9 10 11 |
---------------+----------------------------------+-----
Unarmed Combat | 4 5 6 |  6.7
Axes           | 3 6 8 10 12 | 12.8
Armour         | 3 4 5 |  5.0
Fighting       | 5 7 |  7.0
Shields        | 2 |  2.0
Dodging        | |  2.4

Action                     |  1- 3 |  4- 6 |  7- 9 | 10-12 || total
---------------------------+-------+-------+-------+-------++-------
  Melee: Unarmed           |   109 |   214 |    46 |       ||   369
         Broad axe         |       |       |   262 |   274 ||   536
  Evoke: Wand              |       |       |     5 |     2 ||     7
    Use: Scroll            |       |     2 |     5 |     6 ||    13
         Potion            |       |       |     6 |     1 ||     7
 Armour: Robe              |    25 |    14 |       |       ||    39
         Plate armour      |       |   118 |   246 |   228 ||   592
         Skin              |       |       |    38 |       ||    38
  Dodge: Dodged            |    80 |    55 |   107 |    95 ||   337
  Block: Buckler           |       |       |    16 |    53 ||    69

Levels and vault maps discovered:
D:1:      onia_arrival_mini_spirals, layout_loops_cross,
          nicolae_ecumenical_lake_church, kennysheep_boxes
D:2:      layout_basic, basic_altar, uniq_crazy_yiuf_cottage, uniq_natasha
D:3:      layout_loops_ring, regret_index_temple_of_mockery,
          supply_closet_lemuel, minmay_splitting_lines
D:4:      layout_basic, minmay_fractal_squares_gapless_5, uniq_pikel
D:5:      minmay_opposing_rooms, layout_loops_ring, uniq_ijyb
D:6:      layout_loops_ring, minmay_temple_entry_grid, nicolae_shop_clearance
D:7:      layout_basic, mainiacjoe_overflow_24_doors
D:8:      layout_basic, nicolae_overflow_squiral
D:9:      layout_rooms, hellmonk_lair_entry_icy, st_stairs_4
D:10:     layout_basic, uniq_maurice
Temple:   hellmonk_temple_divided_pantheon

Notes
Turn   | Place    | Note
-------+----------+-------------------------------------------
     0 | D:1      | Kenran the Gargoyle Monk began the quest for the Orb.
     0 | D:1      | Reached XP level 1. HP: 14/14 MP: 1/1
     0 | D:1      | magus.rc [v1.11.6]
    26 | D:1      | Found a faded altar of an unknown god.
    53 | D:1      | HP: 2/14 [quokka (2)]
   264 | D:1      | Reached XP level 2. HP: 19/19 MP: 2/2
   548 | D:1      | Reached skill level 4 in Unarmed Combat
   592 | D:1      | Reached XP level 3. HP: 21/23 MP: 3/3
   638 | D:1      | You add the spells Summon Small Mammal, Call Canine
                  | Familiar and Summon Guardian Golem to your library.
  1075 | D:2      | Reached XP level 4. HP: 23/28 MP: 4/4
  1112 | D:2      | You add the spells Iskenderun's Battlesphere, Iron Shot and
                  | Spellforged Servitor to your library.
  1140 | D:2      | Found a runed translucent door.
  1141 | D:2      | Noticed Crazy Yiuf
  1299 | D:2      | Reached skill level 5 in Unarmed Combat
  1333 | D:2      | Found a hazy altar of Hepliaklqana.
  1515 | D:2      | Noticed Natasha
  1529 | D:2      | Killed Natasha
  1644 | D:2      | Noticed Natasha
  1657 | D:2      | Killed Natasha
  1658 | D:2      | Reached XP level 5. HP: 18/32 MP: 2/5
  1752 | D:2      | Noticed Natasha
  1760 | D:2      | Killed Natasha
  2034 | D:3      | Reached skill level 6 in Unarmed Combat
  2128 | D:3      | Reached XP level 6. HP: 32/37 MP: 6/6
  2314 | D:3      | Found a shimmering altar of Xom.
  2315 | D:3      | Found a hazy altar of Hepliaklqana.
  2316 | D:3      | Noticed a spectral ugly thing
  2470 | D:3      | Reached skill level 1 in Axes
  2714 | D:4      | Reached skill level 2 in Axes
  2848 | D:4      | Noticed Pikel
  3061 | D:4      | You add the spells Vhi's Electric Charge, Arcjolt and
                  | Plasma Beam to your library.
  3188 | D:4      | Reached skill level 3 in Axes
  3188 | D:4      | Reached XP level 7. HP: 36/41 MP: 5/7
  3288 | D:4      | HP: 7/41 [Pikel/+1 whip of freezing (4)]
  3289 | D:5      | Entered Level 5 of the Dungeon
  3301 | D:5      | Killed Pikel
  3302 | D:5      | Reached skill level 6 in Axes
  3302 | D:5      | Reached XP level 8. HP: 28/46 MP: 2/8
  3529 | D:5      | Reached skill level 7 in Axes
  3907 | D:5      | Noticed Ijyb
  3914 | D:5      | Killed Ijyb
  4040 | D:5      | Reached skill level 8 in Axes
  4274 | D:5      | Reached XP level 9. HP: 33/51 MP: 4/9
  4759 | D:6      | Identified the +2 cloak of Wisigawa {-Tele rElec Str+5}
  4840 | D:6      | Reached skill level 9 in Axes
  4879 | D:6      | HP: 12/51 [killer bee (3)]
  4994 | D:6      | Found a staircase to the Ecumenical Temple.
  5001 | Temple   | Entered the Ecumenical Temple
  5001 | Temple   | Found a transporter.
  5001 | Temple   | Found a transporter.
  5050 | Temple   | Found a transporter.
  5050 | Temple   | Found a transporter.
  5074 | Temple   | Became a worshipper of the Shining One
  5074 | Temple   | Reached * piety under the Shining One
  5074 | Temple   | Reached ** piety under the Shining One
  5243 | D:6      | Found Ixuir's CLEARANCE SALE!.
  5280 | D:6      | Bought a scroll of identify for 10 gold pieces
  5280 | D:6      | Bought a potion of heal wounds for 25 gold pieces
  5280 | D:6      | Bought a potion of curing for 15 gold pieces
  6063 | D:4      | Reached skill level 10 in Axes
  6063 | D:4      | Reached skill level 1 in Armour
  6225 | D:2      | Killed Crazy Yiuf
  6752 | D:7      | Reached skill level 2 in Armour
  6824 | D:7      | You add the spells Static Discharge, Airstrike and Summon
                  | Lightning Spire to your library.
  6842 | D:7      | Reached skill level 3 in Armour
  7069 | D:7      | Found a white marble altar of Elyvilon.
  7179 | D:7      | Reached skill level 4 in Fighting
  7930 | D:8      | Reached skill level 5 in Fighting
  7930 | D:8      | Reached XP level 10. HP: 59/59 MP: 10/10
  8087 | D:8      | Identified a scroll of acquirement
  8176 | D:8      | Reached skill level 11 in Axes
  8522 | D:8      | Found a shadowy altar of Dithmenos.
  8526 | D:8      | Found a hide-covered altar of Uskayaw.
  9167 | D:9      | Reached skill level 12 in Axes
  9265 | D:9      | Reached skill level 1 in Shields
  9318 | D:9      | Found a staircase to the Lair.
  9341 | D:9      | Reached skill level 2 in Shields
  9502 | D:9      | Reached skill level 6 in Fighting
  9529 | D:9      | Reached skill level 7 in Fighting
  9551 | D:9      | Reached skill level 4 in Armour
  9557 | D:9      | Reached XP level 11. HP: 41/67 MP: 11/11
  9817 | D:9      | You add the spells Passwall, Ensorcelled Hibernation and
                  | Swiftness to your library.
  9920 | D:9      | Reached skill level 5 in Armour
  9933 | D:9      | You add the spell Maxwell's Capacitive Coupling to your
                  | library.
 10250 | D:10     | Entered Level 10 of the Dungeon
 10440 | D:10     | Reached *** piety under the Shining One
 10638 | D:10     | Killed from afar by a gargoyle

Vanquished Creatures
  Pikel (D:5)
  A rime drake (D:9)
  A troll (D:10)
  A polar bear (D:9)
  A hornet (D:8)
  A wyvern (D:10)
  10 yaks
  3 sky beasts
  3 orc warriors
  4 ice beasts (D:9)
  2 black bears
  4 wolves (D:9)
  An ogre (D:4)
  2 lemures (D:3)
  3 centaurs
  4 kobold brigands
  3 phantoms
  A bullfrog (D:9)
  A gnoll sergeant (D:8)
  6 scorpions
  25 killer bees
  2 howler monkeys (D:9)
  3 hounds
  8 orc priests
  Crazy Yiuf (D:2)
  A jelly (D:7)
  4 iguanas
  A sleepcap (D:6)
  Ijyb (D:5)
  10 orc wizards
  Natasha (thrice) (D:2)
  5 gnolls
  11 adders
  5 white imps
  3 worms
  A dart slug (D:4)
  25 orcs
  9 bats
  6 endoplasms
  2 giant cockroaches (D:1)
  8 goblins
  8 hobgoblins
  6 jackals
  3 quokkas
  11 ball pythons
  3 frilled lizards
  23 kobolds
  11 rats
252 creatures vanquished.

Table legend:
 A = Non-vault XP
 B = Vault XP
 C = Vault XP percentage of total XP
 D = Non-vault monster count
 E = Vault monster count
 F = Vault count percentage of total count
                 A         B        C        D         E       F
            +---------+---------+-------+---------+---------+-------
      Total |    8359 |    3026 |  26.6 |     224 |      26 |  10.4
            +---------+---------+-------+---------+---------+-------
        D:1 |      44 |       0 |   0.0 |      28 |       0 |   0.0
        D:2 |     153 |      73 |  32.3 |      29 |       2 |   6.5
        D:3 |     225 |       0 |   0.0 |      25 |       0 |   0.0
        D:4 |     379 |       0 |   0.0 |      21 |       0 |   0.0
        D:5 |     525 |    1147 |  68.6 |      15 |      12 |  44.4
        D:6 |    1005 |       0 |   0.0 |      19 |       0 |   0.0
        D:7 |    1030 |       0 |   0.0 |      32 |       0 |   0.0
        D:8 |    1269 |       0 |   0.0 |      22 |       0 |   0.0
        D:9 |    2425 |    1806 |  42.7 |      27 |      12 |  30.8
       D:10 |    1304 |       0 |   0.0 |       6 |       0 |   0.0
            +---------+---------+-------+---------+---------+-------

Skill      XL: |  1  2  3  4  5  6  7  8  9 10 11 |
---------------+----------------------------------+-----
Unarmed Combat | 4 5 6 |  6.7
Axes           | 3 6 8 10 12 | 12.8
Armour         | 3 4 5 |  5.0
Fighting       | 5 7 |  7.0
Shields        | 2 |  2.0
Dodging        | |  2.4

Action                     |  1- 3 |  4- 6 |  7- 9 | 10-12 || total
---------------------------+-------+-------+-------+-------++-------
  Melee: Unarmed           |   109 |   214 |    46 |       ||   369
         Broad axe         |       |       |   262 |   274 ||   536
  Evoke: Wand              |       |       |     5 |     2 ||     7
    Use: Scroll            |       |     2 |     5 |     6 ||    13
         Potion            |       |       |     6 |     1 ||     7
 Armour: Robe              |    25 |    14 |       |       ||    39
         Plate armour      |       |   118 |   246 |   228 ||   592
         Skin              |       |       |    38 |       ||    38
  Dodge: Dodged            |    80 |    55 |   107 |    95 ||   337
  Block: Buckler           |       |       |    16 |    53 ||    69

Illustrated notes

Table legend:
 A = Kills in this place as a percentage of kills in the entire game.
 B = Kills by you in this place as a percentage of kills by you in the entire game.
 C = Kills by friends in this place as a percentage of kills by friends in the entire game.
 D = Other kills in this place as a percentage of other kills in the entire game.
 E = Experience gained in this place as a percentage of experience gained in the entire game.
 F = Experience gained in this place divided by the number of levels of this place that you have seen.
                   A       B       C       D       E      F
               +-------+-------+-------+-------+-------+----------------------
         Total | 100.0 | 100.0 |   N/A |   N/A | 100.0 | 1035.0
       Dungeon | 100.0 | 100.0 |   N/A |   N/A | 100.0 | 1138.5
               +-------+-------+-------+-------+-------+----------------------

Table legend: (Time is in decaauts)
 A = Elapsed time spent in this place.
 B = Non-inter-level travel time spent in this place.
 C = Inter-level travel time spent in this place.
 D = Time resting spent in this place.
 E = Time spent auto-exploring this place.
 F = Levels seen in this place.
 G = Mean time per level.
                   A        B        C        D        E       F      G
               +--------+--------+--------+--------+--------+-----+--------+
         Total |  10692 |   9697 |    995 |   1578 |   5860 |  11 |  972.0 |
       Dungeon |  10605 |   9621 |    984 |   1531 |   5854 |  10 | 1060.5 |
        Temple |     86 |     75 |     11 |     47 |      6 |   1 |   86.0 |
               +--------+--------+--------+--------+--------+-----+--------+

Top non-repeatable levels by time:
     D:8: 1346 daAuts
     D:6: 1319 daAuts
     D:2: 1261 daAuts
     D:5: 1251 daAuts
     D:7: 1162 daAuts
     D:9: 1004 daAuts
     D:4: 969 daAuts
     D:1: 959 daAuts
     D:3: 942 daAuts
    D:10: 388 daAuts
  Temple: 86 daAuts
